 Dungeon Crawl Stone Soup version 0.22.1-1-ga44c0e56f4 (webtiles) character file.

695 KleinerIrrer the Grappler (level 7, -2/46 HPs)
             Began as an Octopode Fighter on Oct 22, 2018.
             Killed from afar by Dowan (7 damage)
             ... with a shard of ice
             ... on level 5 of the Dungeon.
             The game lasted 00:06:14 (3290 turns).

KleinerIrrer the Grappler (Octopode Fighter)        Turns: 3290, Time: 00:06:14

Health: -2/46      AC:  1    Str: 16    XL:     7   Next: 64%
Magic:  7/7        EV: 11    Int: 10    God:
Gold:   145        SH:  9    Dex: 13    Spells: 6/6 levels left

rFire    . . .     SeeInvis .     - Unarmed
rCold    . . .     Gourm    .   a - +1 shield
rNeg     . . .     Faith    .   (helmet restricted)
rPois    .         Spirit   .   (no amulet)
rElec    .         Reflect  .   (no ring)
rCorr    .         Harm     .   (no ring)
MR       .....                  (no ring)
Stlth    ++........             (no ring)
HPRegen  0.15/turn              (no ring)
MPRegen  0.10/turn              (no ring)
                                (no ring)
                                (no ring)

@: drained, invisible
A: almost no armour, stealthy swim, amphibious, 8 rings, constrict 8, camouflage
1, gelatinous body 1
a: no special abilities


You were on level 5 of the Dungeon.
You were not hungry.

You visited 1 branch of the dungeon, and saw 5 of its levels.
You also visited: Sewer.

You collected 145 gold pieces.

Inventory:

Armour
 a - a +1 shield (worn)
Scrolls
 b - 2 scrolls of identify
 f - a scroll of fear
 g - a scroll of enchant weapon
 h - 2 scrolls of teleportation {unknown}
 k - a scroll of enchant armour
 l - a scroll of blinking
 q - a scroll of random uselessness {unknown}
 r - 2 scrolls of remove curse
Potions
 d - a potion of flight {unknown}
 e - a potion of degeneration {unknown}
 j - 2 potions of resistance {unknown}
 m - a potion of brilliance
 n - 2 potions of heal wounds {unknown}
 o - 2 potions of cancellation {unknown}
 p - a potion of invisibility
Comestibles
 c - 8 rations
 i - a chunk of flesh


   Skills:
 - Level 3.0(2.5) Fighting
 - Level 3.0(2.5) Dodging
 - Level 3.0(2.5) Shields
 + Level 8.3(7.8) Unarmed Combat


You had 6 spell levels left.
You didn't know any spells.
Your spell library contained the following spells:

 Spells                   Type           Power        Failure   Level  Hunger
 Confusing Touch          Hex            #.....       88%         1    ##.....
 Confuse                  Hex            #.......     99%         3    ####...
 Gell's Gravitas          Tloc           #.........   99%         3    ####...
 Petrify                  Tmut/Erth      #.......     100%        4    #####..
 Metabolic Englaciation   Hex/Ice        #.........   100%        5    ######.
 Yara's Violent Unravell  Hex/Tmut       #.........   100%        5    ######.


Dungeon Overview and Level Annotations

Branches:
Dungeon (5/15)
 Temple: D:4-7

Altars:

Annotations:
D:3 2 transporters
D:5 Dowan


Innate Abilities, Weirdness & Mutations

You cannot wear most types of armour.
You are very stealthy in the water. (Stealth+)
You are amphibious.
You can wear up to eight rings at the same time.
You can use your tentacles to constrict eight enemies at once.
Your skin changes colour to match your surroundings (Stealth+).
Your rubbery body absorbs attacks. (AC +1, EV +1)


Message History

Dowan shakes with grief.
Dowan gestures at you while chanting. The stone arrow hits you!
* * * LOW HITPOINT WARNING * * *
Dowan hits you with a dagger of draining.
* * * LOW HITPOINT WARNING * * *
You feel drained.
* * * LOW HITPOINT WARNING * * *
You barely miss Dowan. You grab Dowan. You squeeze Dowan.
Dowan is lightly wounded.
You constrict Dowan.
Dowan hits you with a dagger of draining.
* * * LOW HITPOINT WARNING * * *
You feel drained.
* * * LOW HITPOINT WARNING * * *
You fade into invisibility!
You constrict Dowan.
Dowan points at you and mumbles some strange words.
The shard of ice hits you!
You die...

####
...
####.##
#...)@#
#.##e##
#. ..
###


You could see Dowan.

Vanquished Creatures
  Sigmund (D:2)
  Duvessa (D:5)
  Purgy (Sewer)
  A bullfrog (D:3)
  3 hounds
  2 worker ants (D:4)
  3 hound skeletons (D:4)
  2 adders
  2 river rats (D:3)
  An ooze (D:4)
  4 worms
  3 leopard geckos
  2 orcs
  6 bats
  4 giant cockroaches
  2 goblins
  6 hobgoblins
  2 jackals (D:3)
  3 quokkas
  2 frilled lizards
  7 kobolds
  8 rats
66 creatures vanquished.

Notes
Turn   | Place    | Note
-------+----------+-------------------------------------------
     0 | D:1      | KleinerIrrer the Octopode Fighter began the quest for the
                  | Orb.
     0 | D:1      | Reached XP level 1. HP: 16/16 MP: 1/1
   273 | D:1      | Reached XP level 2. HP: 21/21 MP: 2/2
   724 | D:2      | Reached skill level 3 in Unarmed Combat
   724 | D:2      | Reached XP level 3. HP: 26/26 MP: 3/3
   766 | D:2      | Reached skill level 4 in Unarmed Combat
   777 | D:2      | Reached XP level 4. HP: 27/31 MP: 4/4
   859 | D:2      | Noticed Sigmund
  1133 | D:2      | Killed Sigmund
  1133 | D:2      | Reached skill level 5 in Unarmed Combat
  1133 | D:2      | Reached XP level 5. HP: 31/36 MP: 2/5
  1540 | D:3      | Found a transporter.
  1557 | D:3      | Found a transporter.
  1575 | D:3      | Reached XP level 6. HP: 42/42 MP: 6/6
  1582 | D:3      | Reached skill level 6 in Unarmed Combat
  1758 | D:3      | Found a glowing drain.
  1762 | Sewer    | Entered a sewer
  1807 | Sewer    | Noticed Purgy
  1814 | Sewer    | Killed Purgy
  2307 | D:3      | Reached skill level 7 in Unarmed Combat
  2307 | D:3      | Reached XP level 7. HP: 33/46 MP: 7/7
  3282 | D:5      | Entered Level 5 of the Dungeon
  3282 | D:5      | Noticed Duvessa
  3282 | D:5      | Noticed Dowan
  3288 | D:5      | Killed Duvessa
  3288 | D:5      | Reached skill level 8 in Unarmed Combat
  3290 | D:5      | Killed from afar by Dowan

Skill      XL: |  1  2  3  4  5  6  7 |
---------------+----------------------+-----
Unarmed Combat | 3 4 5 7 8 |  8.3
Fighting       | |  3.0
Dodging        | |  3.0
Shields        | |  3.0

Action                   |  1- 3 |  4- 6 |  7- 9 || total
-------------------------+-------+-------+-------++-------
Melee: Unarmed           |    35 |    76 |    37 ||   148
       Constrict         |    12 |    17 |    12 ||    41
       Tentacles         |    11 |    13 |     7 ||    31
       Punch             |     1 |     2 |     3 ||     6
  Use: Scroll            |     3 |     7 |       ||    10
       Potion            |       |     2 |     1 ||     3
 Stab: Sleeping          |     5 |     3 |     6 ||    14
  Eat: Ration            |       |     1 |       ||     1
       Chunk             |       |       |     4 ||     4
Armor: Skin              |     1 |     3 |       ||     4
Dodge: Dodged            |    12 |    23 |     5 ||    40
Block: Shield            |    10 |    33 |     8 ||    51
